 Dungeon Crawl Stone Soup version 0.22.1-1-ga44c0e5 (webtiles) character file.

36 Yerrow the Caller (level 3, -7/19 HPs)
             Began as a Tengu Summoner on Oct 18, 2018.
             Was an Initiate of Ashenzari.
             Killed from afar by Sigmund (10 damage)
             ... with a magic dart
             ... on level 2 of the Dungeon.
             The game lasted 00:13:01 (1695 turns).

Yerrow the Caller (Tengu Summoner)                  Turns: 1695, Time: 00:13:02

Health: -7/19      AC:  2    Str:  8    XL:     3   Next: 37%
Magic:  3/7        EV: 13    Int: 16    God:    Ashenzari [......]
Gold:   49         SH:  0    Dex: 14    Spells: 3/6 levels left

rFire    . . .     SeeInvis .   m - +2 dagger (venom)
rCold    . . .     Gourm    .   (no shield)
rNeg     . . .     Faith    .   a - +0 robe
rPois    .         Spirit   .   (helmet restricted)
rElec    .         Reflect  .   (no cloak)
rCorr    +         Harm     .   (no gloves)
MR       .....                  (boots unavailable)
Stlth    ++........             (no amulet)
HPRegen  0.06/turn              o - ring of resist corrosion
MPRegen  0.10/turn              (no ring)

@: no status effects
A: beak, talons 3
a: Curse Item, Renounce Religion


You were on level 2 of the Dungeon.
You worshipped Ashenzari.
Ashenzari was noncommittal.
You were not hungry.

You visited 1 branch of the dungeon, and saw 2 of its levels.

You collected 49 gold pieces.

Inventory:

Hand Weapons
 m - a +2 dagger of venom (weapon)
Missiles
 e - 43 stones (quivered)
Armour
 a - a +0 robe (worn)
Jewellery
 o - a ring of resist corrosion (left hand)
 r - an uncursed ring of protection from cold
Scrolls
 b - a scroll of remove curse
 d - a scroll of enchant armour {unknown}
 f - a scroll of fear {unknown}
 h - a scroll of enchant weapon {unknown}
 p - a scroll of magic mapping
Potions
 g - a potion of curing {unknown}
 i - a potion of agility {unknown}
 j - a potion of invisibility {unknown}
 k - 2 potions of lignification {unknown}
 n - 2 potions of degeneration {unknown}
 q - a potion of haste {unknown}
Comestibles
 c - 2 rations
 l - 2 chunks of flesh


   Skills:
 * Level 1.5 Armour
 + Level 2.3 Dodging
 - Level 2.0 Stealth
 + Level 2.2 Spellcasting
 + Level 5.4 Summonings


You had 3 spell levels left.
You knew the following spells:

 Your Spells              Type           Power        Failure   Level  Hunger
a - Summon Small Mammal   Summ           ###.         2%          1    #......
b - Call Imp              Summ           ###.....     3%          2    ###....

Your spell library contained the following spells:

 Spells                   Type           Power        Failure   Level  Hunger
 Call Canine Familiar     Summ           ###.....     6%          3    ###....
 Summon Guardian Golem    Hex/Summ       ##......     21%         3    ###....
 Summon Ice Beast         Ice/Summ       ##......     54%         4    #####..
 Summon Lightning Spire   Summ/Air       ##......     54%         4    #####..


Dungeon Overview and Level Annotations

Branches:
Dungeon (2/15)

Altars:
Ashenzari

Annotations:
D:2 Sigmund


Innate Abilities, Weirdness & Mutations

You have a beak for a mouth.
You have claws for feet.


Message History

Confirm with . or Enter, or press ? or * to list all spells.
A beastly little devil appears in a puff of flame.
Something hits you.
Okay, then.
You hear some strange, mumbled words.
Your crimson imp appears confused.
Your crimson imp closely misses something.
Something hits your crimson imp!
There is an open door here.
Something hits you.
You hear some strange, mumbled words.
A magic dart appears from out of thin air!
The magic dart hits you!
* * * LOW HITPOINT WARNING * * *
Your crimson imp barely misses something.
There is an open door, spattered with blood here.
A magic dart appears from out of thin air!
The magic dart hits you!
Ouch! That really hurt!
You die...

_)..'.....##.###.#.##.###.#.#
..........##.......#......#.#
....#####.######.##..###..#.#
.....#....* #.##.##.##...#
'##.⌠...#** #....#...#...#####
..#..#..########..####'####......
..#............5{##.#...#,##.####
.....#.########..'5.'...+,,#.#
###....# ##@##.#...#,##.#
.....### #..####'####..# .###.#
##...#...#...## ..)..#
#########.##.##.### ####.#
#.....# #..###..# ## #.# #.###.#
##.....## #. ##.## #.# #.#
####### ###. #...#####.###.#
#####... ###.#........##.#
#.......


You could see 2 friendly crimson imps.

Vanquished Creatures
  2 bats (D:1)
  2 hobgoblins (D:1)
  A quokka (D:2)
5 creatures vanquished.

Vanquished Creatures (collateral kills)
  A worm (D:2)
  A dart slug (D:1)
  2 leopard geckos
  6 bats
  A giant cockroach (D:1)
  12 goblins
  5 hobgoblins
  2 frilled lizards
  2 kobolds (D:1)
  6 rats (D:1)
38 creatures vanquished.

Grand Total: 43 creatures vanquished

Notes
Turn   | Place    | Note
-------+----------+-------------------------------------------
     0 | D:1      | Yerrow the Tengu Summoner began the quest for the Orb.
     0 | D:1      | Reached XP level 1. HP: 10/10 MP: 4/4
    41 | D:1      | Reached skill level 5 in Summonings
   201 | D:1      | Reached XP level 2. HP: 15/15 MP: 3/6
   311 | D:1      | Reached skill level 1 in Armour
   353 | D:1      | Learned a level 2 spell: Call Imp
   933 | D:2      | Reached XP level 3. HP: 19/19 MP: 3/7
  1460 | D:2      | Found a shattered altar of Ashenzari.
  1494 | D:2      | Became a worshipper of Ashenzari the Shackled
  1509 | D:2      | Noticed Sigmund
  1695 | D:2      | Killed from afar by Sigmund

Skill      XL: |  1  2 |
---------------+-------+-----
Summonings     | 5 |  5.4
Armour         | 1 |  1.5
Dodging        | |  2.3
Stealth        | |  2.0
Spellcasting   | |  2.2

Action                   || total
-------------------------++-------
Melee: Unarmed           ||    14
       Kick              ||     2
       Peck              ||     2
       Dagger            ||     1
 Cast: Summon Small Mamm ||    24
       Call Imp          ||    35
  Use: Scroll            ||     1
  Eat: Chunk             ||     5
Armor: Robe              ||    11
Dodge: Dodged            ||    35
